 Dungeon Crawl Stone Soup version 0.18.1-50-g88ac8fd (webtiles) character file.

63 Monkfish the Cutter (level 4, 0/29 HPs)
             Began as a Kobold Berserker on Oct 23, 2016.
             Was a Believer of Trog.
             Succumbed to an adder's poison
             ... on level 2 of the Dungeon.
             The game lasted 00:02:35 (1884 turns).

Monkfish the Cutter (Kobold Berserker)              Turns: 1884, Time: 00:02:35

Health: 0/29       AC:  3    Str: 15 (16) XL:     4   Next: 31%
Magic:  4/4        EV: 14    Int:  3 (5)  God:    Trog [**....]
Gold:   127        SH:  0    Dex: 14 (15) Spells: 0 memorised, 3 levels left

rFire  . . .     SeeInvis .     f - +0 short sword (holy)
rCold  . . .     Gourm    .     m - +0 leather armour
rNeg   . . .     Faith    .     (shield restricted)
rPois  .         Spirit   .     (no helmet)
rElec  .         Dismiss  .     (no cloak)
rCorr  .         Reflect  .     (no gloves)
SustAt .         Harm     .     (no boots)
MR     .....                    (no amulet)
Stlth  ++........               (no ring)
                                (no ring)

@: lethally poisoned (0 -> -7), not resistant to hostile enchantments,
unstealthy
A: carnivore 3
a: Berserk, Trog's Hand, Burn Spellbooks, Renounce Religion


You were on level 2 of the Dungeon.
You worshipped Trog.
Trog was pleased with you.
You were not hungry.

You visited 1 branch of the dungeon, and saw 2 of its levels.

You collected 127 gold pieces.

Inventory:

Hand Weapons
 a - a +0 short sword
 f - a +0 short sword of holy wrath (weapon)
Missiles
 i - 14 poisoned needles
Armour
 b - a +0 animal skin
 m - a +0 leather armour (worn)
Jewellery
 l - an uncursed ring of flight
 o - an uncursed ring of sustain attributes {unknown}
Scrolls
 d - a scroll of fear
 e - 6 scrolls of identify
Potions
 h - a potion of mutation
 j - a potion of berserk rage
Comestibles
 c - 3 meat rations


   Skills:
 + Level 4.1 Fighting
 + Level 5.1 Short Blades
 - Level 1.5 Armour
 - Level 2.4 Dodging
 * Level 2.3 Stealth


You had 3 spell levels left.
You didn't know any spells.

Dungeon Overview and Level Annotations

Branches:
Dungeon (2/15)

Altars:
Gozag


Innate Abilities, Weirdness & Mutations

You are small and have problems with some larger weapons.
You are carnivorous and can eat meat at any time.


Message History

You closely miss the adder.
The adder is heavily wounded.
The adder bites you.
* * * LOW HITPOINT WARNING * * *
You are more poisoned.
The adder poisons you!
You hit the adder.
The adder is severely wounded.
* * * LOW HITPOINT WARNING * * *
You feel sick. The adder closely misses you.
You barely miss the adder.
The adder is severely wounded.
The adder barely misses you.
You miss the adder.
The adder is severely wounded.
* * * LOW HITPOINT WARNING * * *
You feel sick. The adder bites you but does no damage.
You hit the adder.
The adder is almost dead.
You die...

####............#..#.#.##
# #.##....#.###.#........
#.# ##....## #.#....#.#
... #.#.#####........# ..
#.#............### ..
#.####.###†...## . ..# #
# #.....# .
######.###.....##
......†@.....#
###....S....)...
#.....$......#
#.##<........# #.
##.!...#### # #.....#
##!...# #.#.##


You could see an adder.

Vanquished Creatures
  An adder (D:2)
  An ooze (D:2)
  2 dart slugs (D:1)
  2 giant geckos (D:1)
  A ball python (D:1)
  10 bats
  4 giant cockroaches
  2 hobgoblins (D:1)
  2 jackals (D:2)
  5 kobolds
  A giant newt (D:2)
  5 goblins (D:1)
  7 rats
43 creatures vanquished.

Notes
Turn   | Place    | Note
--------------------------------------------------------------
     0 | D:1      | Monkfish the Kobold Berserker began the quest for the Orb.
     0 | D:1      | Reached XP level 1. HP: 14/14 MP: 1/1
   422 | D:1      | Reached XP level 2. HP: 11/19 MP: 2/2
   818 | D:1      | Reached skill level 1 in Stealth
   855 | D:1      | Reached XP level 3. HP: 13/24 MP: 3/3
  1162 | D:1      | Reached ** piety under Trog
  1310 | D:1      | Gained mutation: You are covered in fur (AC +1). [potion of mutation]
  1310 | D:1      | Gained mutation: You are dopey. (Int -2) [potion of mutation]
  1355 | D:1      | Lost mutation: You are covered in fur (AC +1). [potion of cure mutation]
  1355 | D:1      | Lost mutation: You are dopey. (Int -2) [potion of cure mutation]
  1421 | D:2      | Found an opulent altar of Gozag.
  1505 | D:2      | Noticed a hippogriff
  1754 | D:2      | Reached XP level 4. HP: 19/29 MP: 4/4
  1839 | D:2      | Reached skill level 5 in Short Blades
  1883 | D:2      | HP: 1/29 [poisoned by an adder]
  1884 | D:2      | Succumbed to an adder's poison

Skill      XL: |  1  2  3  4 |
---------------+-------------+-----
Stealth        | 1 2 |  2.3
Fighting       | 4 |  4.1
Short Blades   | 5 |  5.1
Armour         | |  1.5
Dodging        | |  2.4

Action                   |  1- 3 |  4- 6 || total
-------------------------+-------+-------++-------
Melee: Short sword       |   115 |    35 ||   150
  Use: Potion            |     4 |     1 ||     5
       Scroll            |     4 |       ||     4
 Stab: Sleeping          |     3 |       ||     3
  Eat: Chunk             |     7 |       ||     7
Armor: Animal skin       |    13 |       ||    13
       Leather armour    |    18 |    10 ||    28
Dodge: Dodged            |    86 |    24 ||   110
